Map: Daybreak LE (Void)

Players

ThePhysicist

  • Race: Terran Terran
  • League: Gold
  • Spawn Location: 7:00

Fropez - Winner!

  • Race: Protoss Protoss
  • League: Gold
  • Spawn Location: 1:00

VOD

Have the link to the VOD?

Description

Time

  • Played on: Nov. 27, 2016, 4:28 p.m.
  • Length: 7:17
Show
View Real Time Build Order
Export as new Build Order

ThePhysicist Terran 

Build Orders:  

Get SALT Encoding   

  12  0:01  SCV  
  13  0:14  Supply Depot  
  13  0:18  SCV  
  14  0:30  SCV  
  15  0:38  Barracks  
  15  0:44  Refinery  
  15  0:46  SCV  
  16  0:54  Refinery  
  16  0:58  SCV  
  17  1:11  Barracks  
  17  1:17  SCV  
  18  1:25  Reaper  
  19  1:32  Supply Depot  
  19  1:37  SCV  
  20  1:49  SCV  
  21  2:00  Reaper  
  22  2:02  SCV  
  22  2:03  Reaper  
  24  2:18  SCV  
  24  2:19  Barracks  
  25  2:33  Reaper  
  26  2:50  Command Center  
  25  3:18  Marine x2  
  27  3:21  Engineering Bay  
  27  3:32  Reaper  
  28  3:36  Reaper  
  27  3:54  Missile Turret  
  27  3:59  Marine  
  27  4:04  Marine  
  27  4:17  Marine x2  
  27  4:22  Marine  
  29  4:38  Barracks Tech Lab x2  
  29  4:41  Factory  
  29  4:42  Orbital Command, Factory  
  29  4:43  Barracks Reactor  
  29  4:45  Supply Depot  
  29  4:52  Missile Turret  
  29  5:06  Orbital Command  
  29  5:16  Marauder  
  31  5:23  Marauder  
  31  5:27  Factory Tech Lab  
  33  5:30  Factory Tech Lab  
  33  5:35  SCV  
  34  5:37  SCV  
  34  5:41  Marine  
  36  5:44  Marine  
  36  5:47  SCV  
  36  5:49  SCV  
  39  5:56  Marauder  
  41  5:59  SCV  
  41  6:00  Marauder  
  38  6:43  SCV  
  39  6:51  Marine x2  
  39  6:52  Marauder, Refinery  
  39  6:53  Marauder  
  45  7:04  Missile Turret  
  45  7:09  Refinery  
Show
View Real Time Build Order
Export as new Build Order

Fropez Protoss - Winner!

Build Orders:  

Get SALT Encoding   

  12  0:01  Probe (Chrono Boost)  
  13  0:12  Probe (Chrono Boost)  
  14  0:18  Pylon  
  14  0:24  Probe (Chrono Boost)  
  15  0:28  Assimilator  
  15  0:37  Probe (Chrono Boost)  
  16  0:43  Gateway  
  16  0:52  Probe (Chrono Boost)  
  17  0:57  Assimilator  
  17  1:02  Probe (Chrono Boost)  
  18  1:09  Gateway  
  18  1:13  Probe (Chrono Boost)  
  19  1:27  Probe (Chrono Boost)  
  20  1:34  Cybernetics Core  
  20  1:37  Probe (Chrono Boost)  
  21  1:44  Pylon  
  21  1:48  Probe (Chrono Boost)  
  22  1:58  Probe (Chrono Boost)  
  22  2:00  Pylon  
  23  2:09  Probe (Chrono Boost)  
  23  2:10  Stalker (Chrono Boost)  
  26  2:19  Mothership Core (Chrono Boost)  
  27  2:40  Probe  
  27  2:52  Probe  
  27  2:55  Stalker (Chrono Boost)  
  27  2:56  Stalker (Chrono Boost)  
  27  2:57  Warp Gate (Chrono Boost)  
  32  3:04  Probe  
  32  3:18  Probe  
  33  3:30  Probe  
  34  3:36  Nexus  
  33  3:42  Probe  
  34  3:57  Stalker x2  
  34  3:58  Probe  
  39  4:06  Robotics Facility  
  39  4:14  Pylon  
  39  4:29  Pylon  
  39  4:45  Pylon  
  39  4:47  Probe  
  39  4:51  Pylon  
  40  4:54  Warp Prism  
  40  4:59  Probe  
  43  5:03  Stalker  
  43  5:04  Stalker  
  47  5:11  Probe  
  47  5:12  Assimilator  
  47  5:13  Probe  
  49  5:23  Probe  
  49  5:24  Probe  
  49  5:25  Twilight Council  
  51  5:30  Stalker  
  51  5:31  Stalker  
  51  5:33  Observer  
  56  5:50  Assimilator  
  56  5:52  Pylon  
  56  5:58  Adept x2  
  60  6:32  Stalker  
  60  6:33  Stalker  
  60  6:43  Probe x2  
  62  6:58  Gateway x2  
  62  7:00  Gateway  
  62  7:03  Gateway  
Tags
 
League
GoldGold
Matchup
PvT
Replay Pack
All Mines
Spawn Locations
Cross Positions
Add a new tag
Caveats
  • Supply blocks, unpowered buildings, or Contaminate may cause inaccurate times.
  • Supply counts are checked every 10 seconds.